 Dungeon Crawl Stone Soup version 0.26.0-9-gab577f9fc5 (webtiles) character file.

Game seed: 7719124703747084985

2 EnegeticOcto the Sneak (level 1, 0/20 HPs)
             Began as a Deep Dwarf Delver on Jan 13, 2021.
             Slain by an orc
             ... wielding a +0 hand axe
              (3 damage)
             ... on level 5 of the Dungeon.
             The game lasted 00:00:13 (16 turns).

EnegeticOcto the Sneak (Deep Dwarf Delver)            Turns: 16, Time: 00:00:13

Health: 0/20       AC:  3    Str: 15    XL:     1   Next: 25%
Magic:  1/1        EV: 12    Int: 10    God:
Gold:   0          SH:  0    Dex: 14    Spells: 0/0 levels left

rFire    . . .     SeeInvis .   a - +0 hand axe
rCold    . . .     Faith    .   (no shield)
rNeg     . . .     Spirit   .   b - +0 leather armour
rPois    .         Reflect  .   (no helmet)
rElec    .         Harm     .   (no cloak)
rCorr    .         Rampage  .   (no gloves)
Will     .....                  (no boots)
Stlth    +++.......             (no amulet)
HPRegen  0.00/turn              (no ring)
MPRegen  0.07/turn              (no ring)

@: non-regenerating
A: damage resistance, heal wounds, sense surroundings 1, no regeneration
a: Heal Wounds


You were on level 5 of the Dungeon.
You visited 1 branch of the dungeon, and saw 1 of its levels.

Inventory:

Hand Weapons
 a - a +0 hand axe (weapon)
Armour
 b - a +0 leather armour (worn)
Wands
 g - a wand of digging (3) {@v3}
Scrolls
 c - a scroll of fog {!r}
 d - a scroll of magic mapping {@r5 !r}
 e - a scroll of fear {!r}
Potions
 f - a potion of haste {@q4 !q}
 h - 2 potions of attraction {unknown}


   Skills:
 + Level 2.7 Fighting
 + Level 2.2 Axes
 + Level 2.2 Dodging
 + Level 6.0 Stealth


You couldn't memorise any spells.
You didn't know any spells.
Your spell library was empty.

Dungeon Overview and Level Annotations

Branches:
Dungeon (5/15)
 Temple: D:4-7

Altars:


Innate Abilities, Weirdness & Mutations

You are resistant to damage.
You can heal yourself by infusing magical energy.
You passively map a small area around you.
You do not regenerate.


Message History

Welcome, EnegeticOcto the Deep Dwarf Delver.
Will you be the one to retrieve the fabulous Orb of Zot from the depths?
Press ? for a list of commands and other information.
Found 16 stones, 9 bolts and 2 bubbling coppery potions.
Found an escape hatch in the floor.
Found a stone staircase leading down.
Found a scroll labelled LAUCLA EN OTOT.
An orc comes into view. It is wielding a +0 trident.
The orc shouts!
An orc wizard comes into view. It is wielding a +0 dagger.
You see here 2 bubbling coppery potions.
h - 2 bubbling coppery potions An orc wizard comes into view.
It is wielding a +0 dagger.
An orc and an orc priest come into view.
Found a stone staircase leading down.
The orc closely misses you.
The orc wizard shouts!
The orc priest shouts!
The orc wizard shouts!
The orc hits you with a +0 trident. The orc wizard misses you.
The orc priest mumbles some strange prayers to Beogh against you.
Pain shoots through your body!
You closely miss the orc priest. You hit the orc but do no damage.
You hit the orc. You hit the orc wizard. The orc misses you. x2
The orc wizard barely misses you.
The orc priest looks braver for a moment.
The orc wizard looks satisfied for a moment.
You hit the orc priest.
The orc priest is moderately wounded.
You hit the orc wizard but do no damage.
You hit the orc.
You kill the orc!
You barely miss the orc. The orc hits you with a +0 hand axe.
The orc priest hits you with a +0 mace.
The orc wizard casts a spell at itself.
The orc wizard flickers and vanishes!
Deactivating autopickup; reactivate with Ctrl-A.
You fail to use your ability.
The orc hits you with a +0 hand axe. Something hits you but does no damage.
The orc wizard closely misses you. The orc priest hits you with a +0 mace.
You feel much better. The orc hits you with a +0 hand axe.
You hear some strange, mumbled words.
Something tries to affect you, but you resist.
The orc wizard casts a spell at you. The magic dart hits you.
The orc priest hits you with a +0 mace.
You barely miss the orc priest.
The orc priest is moderately wounded.
You miss the orc wizard. You miss something. You barely miss the orc.
The orc hits you with a +0 hand axe.
* * * LOW HITPOINT WARNING * * *
Something hits you. The orc wizard misses you.
The orc priest looks satisfied for a moment.
You fail to use your ability.
Something barely misses you.
The orc wizard hits you with a +0 dagger.
* * * LOW HITPOINT WARNING * * *
The orc hits you with a +0 hand axe.
You die...

#####.###
#...>...#
#.###.#.#
#.(..#
#....# * ,
# #....#
*, , *
#.##.##.#
#...{.).##
, ,
####.@o..#
#oo...#
#.....#
##>..## *
##.## *.#*
.# , .#* *
,* *


You could see an orc priest, an orc wizard and an orc.

Vanquished Creatures
  An orc (D:5)
1 creature vanquished.

Notes
Turn   | Place    | Note
-------+----------+-------------------------------------------
     0 | D:5      | EnegeticOcto the Deep Dwarf Delver began the quest for the
                  | Orb.
     0 | D:5      | Reached XP level 1. HP: 20/20 MP: 1/1
     4 | D:5      | Noticed an orc wizard
     5 | D:5      | Noticed an orc wizard
     8 | D:5      | Noticed an orc priest
    16 | D:5      | Slain by an orc

Illustrated notes

Levels and vault maps discovered:
D:5:      cheibrodos_quashed, layout_loops_cross,
          gammafunk_temple_overflow_claw, gammafunk_ghost_arena, uniq_edmund,
          uniq_prince_ribbit1

Action                   || total
-------------------------++-------
Melee: Hand axe          ||     3
 Abil: Heal Wounds       ||     1
Armor: Leather armour    ||     1
Dodge: Dodged            ||     8
